 Dungeon Crawl Stone Soup version 0.23.2-11-gf996548c65 (webtiles) character file.

Game seed: 1114319316292744301

121 Kobolds4U the Slasher (level 4, -5/39 HPs)
             Began as a Minotaur Berserker on June 3, 2019.
             Was a Priest of Trog.
             Slain by Grinder (6 damage)
             ... on level 3 of the Dungeon.
             The game lasted 00:04:48 (2267 turns).

Kobolds4U the Slasher (Minotaur Berserker)          Turns: 2267, Time: 00:04:48

Health: -5/39      AC:  2    Str: 22    XL:     4   Next: 76%
Magic:  3/3        EV: 15    Int:  4    God:    Trog [***...]
Gold:   144        SH:  0    Dex: 10    Spells: 3/3 levels left

rFire    . . .     SeeInvis .   a - +0 long sword
rCold    . . .     Gourm    .   (no shield)
rNeg     . . .     Faith    +   b - +0 animal skin
rPois    .         Spirit   .   (helmet restricted)
rElec    .         Reflect  .   (no cloak)
rCorr    .         Harm     .   (no gloves)
MR       ++...                  (no boots)
Stlth    +.........             i - amulet of faith
HPRegen  1.13/turn              g - +3 ring of evasion
MPRegen  0.08/turn              (no ring)

@: regenerating
A: retaliatory headbutt, horns 2
a: Berserk, Trog's Hand, Renounce Religion


You were on level 3 of the Dungeon.
You worshipped Trog.
Trog was most pleased with you.
You were hungry.

You visited 1 branch of the dungeon, and saw 3 of its levels.

You collected 144 gold pieces.

Inventory:

Hand Weapons
 a - a +0 long sword (weapon)
Missiles
 f - 33 arrows
 q - 22 bolts
 y - 6 javelins (quivered)
Armour
 b - a +0 animal skin (worn)
Jewellery
 g - a +3 ring of evasion (left hand)
 i - an amulet of faith (around neck)
 l - an uncursed ring of ice
Scrolls
 d - 2 scrolls of identify {unknown}
 h - 2 scrolls of remove curse {unknown}
 k - 3 scrolls of teleportation {unknown}
 n - 2 scrolls of enchant weapon {unknown}
 p - a scroll of noise {unknown}
 r - a scroll of magic mapping {unknown}
 t - 2 scrolls of random uselessness {unknown}
 u - a scroll of amnesia {unknown}
 v - a scroll of blinking {unknown}
Potions
 e - a potion of brilliance {unknown}
 j - a potion of heal wounds {unknown}
 o - 3 potions of lignification {unknown}
 s - a potion of curing {unknown}
 w - a potion of might {unknown}
 x - a potion of agility {unknown}
 z - a potion of degeneration {unknown}
Comestibles
 c - 8 rations
 m - 3 chunks of flesh


   Skills:
 + Level 3.6 Fighting
 * Level 6.7 Long Blades
 - Level 2.4 Armour
 - Level 2.1 Dodging


You had 3 spell levels left.
You didn't know any spells.
Your spell library was empty.

Dungeon Overview and Level Annotations

Branches:
Dungeon (3/15)

Altars:
Dithmenos
Trog

Annotations:
D:3 Grinder


Innate Abilities, Weirdness & Mutations

You reflexively headbutt those who attack you in melee.
You have a pair of horns on your head.


Message History

Grinder is severely wounded.
Grinder hits you.
* * * LOW HITPOINT WARNING * * *
You writhe in agony.
* * * LOW HITPOINT WARNING * * *
Unknown command.
Your skin crawls.
You feel resistant to hostile enchantments.
You are feeling hungry.
Grinder blinks!
Grinder gestures at you. You resist with almost no effort.
Grinder gestures at you. You resist with almost no effort.
You barely miss Grinder.
Grinder is severely wounded.
Grinder hits you!
* * * LOW HITPOINT WARNING * * *
You writhe in agony.
You die...

##...###...#.#.
###...##.##.#. .# #...#..#
##.#. ...#
#.....#.##.##.#.
.....#####........##.##.#.
....#..#..#.....#.##.##.#.
..#...#...#...#..##.##.#.
#...#.#...###....#.##.##
#..#...#..#..#...#.##...
#....@###...#..#.#####
#....5#..#............
#.....#...#....#######
#.#...#.#.......#
#...#.#...#......#
..................#
############......#
########


You could see Grinder.

Vanquished Creatures
  Jessica (D:3)
  3 adders
  An ooze (D:1)
  A worm (D:3)
  A leopard gecko (D:2)
  10 giant cockroaches
  8 goblins
  8 hobgoblins
  6 kobolds
  A quokka (D:3)
  2 ball pythons
  6 bats
  4 frilled lizards
  3 rats
55 creatures vanquished.

Notes
Turn   | Place    | Note
-------+----------+-------------------------------------------
     0 | D:1      | Kobolds4U the Minotaur Berserker began the quest for the
                  | Orb.
     0 | D:1      | Reached XP level 1. HP: 19/19 MP: 0/0
   104 | D:1      | Reached skill level 4 in Long Blades
   169 | D:1      | Reached XP level 2. HP: 26/26 MP: 1/1
   669 | D:2      | Reached ** piety under Trog
   696 | D:2      | Reached skill level 5 in Long Blades
   725 | D:2      | Reached XP level 3. HP: 24/31 MP: 2/2
   932 | D:2      | Found a shadowy altar of Dithmenos.
   960 | D:2      | Found a bloodstained altar of Trog.
  1746 | D:3      | Noticed Jessica
  1752 | D:3      | Killed Jessica
  1752 | D:3      | Reached skill level 6 in Long Blades
  1752 | D:3      | Reached XP level 4. HP: 33/39 MP: 3/3
  1848 | D:3      | Reached *** piety under Trog
  2243 | D:3      | Noticed Grinder
  2251 | D:3      | Paralysed by Grinder for 2 turns
  2267 | D:3      | HP: 1/39 [Grinder (9)]
  2267 | D:3      | Slain by Grinder

Skill      XL: |  1  2  3 |
---------------+----------+-----
Long Blades    | 4 5 6 |  6.7
Fighting       | |  3.6
Armour         | |  2.4
Dodging        | |  2.1

Action                   |  1- 3 |  4- 6 || total
-------------------------+-------+-------++-------
Melee: Falchion          |    45 |       ||    45
       Headbutt          |    12 |     3 ||    15
       Long sword        |    30 |    38 ||    68
Invok: Trog's Hand       |       |     1 ||     1
  Eat: Chunk             |     3 |     1 ||     4
Armor: Animal skin       |    11 |     5 ||    16
Dodge: Dodged            |    56 |    31 ||    87
       Rpst.: Falchion   |     9 |       ||     9
       Long sword        |     7 |     8 ||    15
